Description

Nydus practice timing.

Replay - ZvT vs Soul Port Aleksander 2 Base Nydus

Build Order

Get SALT Encoding   

  12  0:00  Drone  
  13  0:12  Overlord  
  13  0:17  Drone  
  14  0:31  Drone x2  
  16  0:48  Hatchery  
  15  0:52  Drone x2  
  17  0:58  Drone  
  18  1:09  Extractor  
  17  1:14  Spawning Pool  
  17  1:18  Drone x2  
  18  1:28  Drone  
  19  1:42  Drone  
  20  1:57  Overlord  
  20  2:01  Queen  
  20  2:03  Zergling x4  
  24  2:10  Lair  
  24  2:15  Drone x2  
  25  2:22  Drone x2  
  28  2:33  Drone  
  28  2:34  Extractor  
  28  2:36  Queen  
  28  2:42  Drone x3  
  30  2:44  Roach Warren  
  31  2:54  Drone  
  32  3:07  Overlord  
  32  3:10  Nydus Network  
  32  3:12  Overlord  
  31  3:15  Queen  
  33  3:26  Roach x3  
  37  3:32  Roach x2  
  41  3:39  Roach x2  
  46  3:49  Nydus Canal  
  46  3:57  Roach x2  
  50  4:05  Nydus Canal  
  50  4:14  Roach  
  51  4:24  Overlord x2  
  51  4:45  Spore Crawler x2  
Spawning Tool Build Advisor. Get it on Overwolf

Go to:

Details

  • Created by: LaZixTie
  • Published on: Feb 15, 2019
  • Modified on: Feb 15, 2019
  • Patch: 4.7.1
  • Difficulty: Easy
Show
View Real Time Build Order
Export as new Build Order

Comments (0)

There are no comments. Be the first!

Create an account to comment!